 Dungeon Sprint DCSS version 0.23-a0-481-g60b89c1 (webtiles) character file.

259 Leeroy the Thaumaturge (level 5, -1/28 HPs)
             Began as a Deep Elf Fire Elementalist on Nov 29, 2018.
             Slain by a slime creature (18 damage)
             ... in the Dungeon (Sprint I: "Red Sonja").
             The game lasted 00:08:55 (313 turns).

Leeroy the Thaumaturge (Deep Elf Fire Elementalist)  Turns: 313, Time: 00:08:57

Health: -1/28      AC:  2    Str:  5    XL:     5   Next: 95%
Magic:  13/23      EV: 14    Int: 21    God:
Gold:   162        SH:  0    Dex: 15    Spells: 25/32 levels left

rFire    . . .     SeeInvis .   k - +0 scythe
rCold    . . .     Gourm    .   (shield currently unavailable)
rNeg     . . .     Faith    .   a - +0 robe
rPois    .         Spirit   .   (no helmet)
rElec    .         Reflect  .   (no cloak)
rCorr    .         Harm     .   (no gloves)
MR       .....     NoTele   +   (no boots)
Stlth    ++........             (no amulet)
HPRegen  0.09/turn              (no ring)
MPRegen  0.18/turn              (no ring)

@: no status effects
A: no striking features
a: no special abilities


You were in the Dungeon.
You were not hungry.

You visited 1 branch You collected 162 gold pieces.

Inventory:

Hand Weapons
 h - a +0 giant spiked club
 k - a +0 scythe (weapon)
Armour
 a - a +0 robe (worn)
 b - a +0 leather armour
 l - a +0 robe
Scrolls
 i - a scroll of blinking
Potions
 d - a potion of curing
 e - a potion of heal wounds
 f - a potion of haste
 g - 2 potions of magic
Comestibles
 c - a ration
 j - a chunk of flesh


   Skills:
 - Level 3.4 Dodging
 - Level 3.2 Stealth
 - Level 0.5 Unarmed Combat
 + Level 14.1 Spellcasting
 - Level 1.2 Conjurations
 - Level 5.6 Fire Magic


You had 25 spell levels left.
You knew the following spells:

 Your Spells              Type           Power        Failure   Level  Hunger
a - Flame Tongue          Conj/Fire      ####.        1%          1    None
b - Throw Flame           Conj/Fire      ####..       1%          2    None
c - Sticky Flame          Conj/Fire      ####....     10%         4    None

Your spell library contained the following spells:

 Spells                   Type           Power        Failure   Level  Hunger
 Conjure Flame            Conj/Fire      ####....     3%          3    None
 Inner Flame              Hex/Fire       ####....     4%          3    None
 Fireball                 Conj/Fire      ####......   28%         5    ###....


Dungeon Overview and Level Annotations

Branches:
Dungeon (1/1)

Altars:
Makhleb
Xom
Jiyva
Lugonu


Message History

The slime creature is covered in liquid flames!
The slime creature burns!
The slime creature hits you!
The slime creature burns!
There is an open door here.
The slime creature burns!
The slime creature burns!
Unknown command.
The slime creature burns!
The slime creature stops burning.
There is an open door here.
Casting: Sticky Flame (safe; 10% risk of failure)
Confirm with . or Enter, or press ? or * to list all spells.
Aiming: Sticky Flame (safe; 10% risk of failure)
Press: ? - help, Shift-Dir - straight line, f/p - slime creature
Aim: a slime creature (moderately wounded)
The sticky flame hits the slime creature.
The slime creature is heavily wounded.
The slime creature is covered in liquid flames!
The slime creature burns!
The slime creature hits you!!
Ouch! That really hurt!
You die...

###################
#<.#..'..#..J..#__#
#..÷÷.#..'.@#..'..+
#..#####'#####+#__#
#..# #..# #### #..#
#### #..# #⌠⌠# ####


You could see a slime creature (burning).

Vanquished Creatures
  Sigmund (D)
  An ogre (D)
  Ijyb (D)
3 creatures vanquished.

Notes
Turn   | Place    | Note
-------+----------+-------------------------------------------
     0 | D        | Leeroy the Deep Elf Fire Elementalist began the quest for
                  | the Orb.
     0 | D        | Reached XP level 1. HP: 10/10 MP: 6/6
     4 | D        | Noticed Ijyb
    12 | D        | Killed Ijyb
    12 | D        | Reached skill level 4 in Spellcasting
    12 | D        | Reached skill level 5 in Fire Magic
    12 | D        | Reached XP level 2. HP: 15/15 MP: 7/9
    97 | D        | Learned a level 2 spell: Throw Flame
    97 | D        | Noticed an ogre
   109 | D        | Killed an ogre
   109 | D        | Reached skill level 10 in Spellcasting
   109 | D        | Reached XP level 3. HP: 19/19 MP: 1/16
   109 | D        | Reached XP level 4. HP: 24/24 MP: 1/18
   222 | D        | Noticed Sigmund
   267 | D        | Killed Sigmund
   267 | D        | Reached skill level 14 in Spellcasting
   267 | D        | Reached XP level 5. HP: 22/28 MP: 12/23
   304 | D        | Learned a level 4 spell: Sticky Flame
   304 | D        | Found a burning altar of Makhleb.
   304 | D        | Found a viscous altar of Jiyva.
   304 | D        | Found a shimmering altar of Xom.
   304 | D        | Found a corrupted altar of Lugonu.
   304 | D        | Noticed a slime creature
   313 | D        | Slain by a slime creature

Vault maps used:
D:        dungeon_sprint_1

Skill      XL: |  1  2  3  4 |
---------------+-------------+-----
Dodging        | 3 |  3.4
Stealth        | 3 |  3.2
Spellcasting   | 4 10 14 | 14.1
Fire Magic     | 5 |  5.6
Unarmed Combat | |  0.5
Conjurations   | |  1.2

Action                   |  1- 3 |  4- 6 || total
-------------------------+-------+-------++-------
Melee: Unarmed           |     6 |       ||     6
 Cast: Flame Tongue      |     5 |     5 ||    10
       Throw Flame       |     1 |     1 ||     2
       Sticky Flame      |       |     2 ||     2
  Use: Potion            |     1 |       ||     1
Dodge: Dodged            |     5 |     4 ||     9

Table legend:
 A = Non-vault XP
 B = Vault XP
 C = Vault XP percentage of total XP
 D = Non-vault monster count
 E = Vault monster count
 F = Vault count percentage of total count
                 A         B        C        D         E       F
            +---------+---------+-------+---------+---------+-------
      Total |       0 |     371 | 100.0 |       0 |       3 | 100.0
            +---------+---------+-------+---------+---------+-------
          D |       0 |     371 | 100.0 |       0 |       3 | 100.0
            +---------+---------+-------+---------+---------+-------
